[Event "Titled Tuesday Blitz October 11 Early 2022"]
[White "Malek, Jan"]
[Black "Harsha Bharathakoti"]
[WhiteFideId "21864080"]
[BlackFideId "5078776"]
[WhiteElo "2255"]
[BlackElo "2523"]
[Result "0-1"]
[Round "02"]
[TimeControl "180+1"]
[Date "2022.10.11"]
[WhiteClock "0:00:02"]
[BlackClock "0:00:04"]

1. c4 e6 2. Nf3 d5 3. e3 Nf6 4. b3 b6 5. Bb2 Bb7 6. Be2 Nbd7 7. O-O Bd6 8. Nc3 a6 9. Rc1 O-O 10. Qc2 Qe7 11. Rfd1 Rfe8 12. h3 h6 13. d4 Rac8 14. Qb1 Ne4 15. Ne5 Nxc3 16. Bxc3 Bxe5 17. dxe5 dxc4 18. bxc4 Qg5 19. Bf1 Nf8 20. f4 Qg3 21. Qd3 Rcd8 22. Qe2 Qg6 23. c5 b5 24. Bd4 Bd5 25. Qf2 c6 26. a3 Be4 27. Kh2 h5 28. Bb2 Rd5 29. Rd4 Rxd4 30. Bxd4 Rd8 31. Ra1 a5 32. Ra2 Bd3 33. Qd2 Bxf1 34. Qxa5 Rd7 35. Rf2 Bd3 36. Qa8 Be4 37. Qc8 h4 38. Kg1 Qh5 39. Kh2 Qh8 40. f5 Bxf5 41. Qe8 Bg6 42. Qc8 Qh5 43. Rf4 Qg5 44. Rg4 Qf5 45. Rxh4 Qc2 46. Rg4 Qf5 47. Rf4 Qh5 48. Rg4 Ra7 49. Qd8 Rxa3 50. Qe8 Ra2 51. Rg3 Qf5 52. Qd8 Qf2 53. h4 Rd2 54. Qg5 Qf5 55. Qd8 Rd1 56. Rg4 Qxg4 0-1


[Site "https://www.chess.com"]

[Event "Titled Tuesday Blitz October 11 Early 2022"]
[White "Maltsevskaya, Aleksandra"]
[Black "Moroni, Luca Jr"]
[WhiteFideId "24174041"]
[BlackFideId "865834"]
[WhiteElo "2289"]
[BlackElo "2573"]
[Result "0-1"]
[Round "02"]
[TimeControl "180+1"]
[Date "2022.10.11"]
[WhiteClock "0:00:03"]
[BlackClock "0:01:05"]

1. e4 g6 2. d4 Bg7 3. Nf3 d6 4. Bd3 Nf6 5. O-O O-O 6. Re1 Nc6 7. Bg5 h6 8. Bh4 g5 9. Bg3 Nh5 10. c3 e5 11. dxe5 Nxg3 12. hxg3 g4 13. Nd4 Nxe5 14. Na3 Bd7 15. Nc4 Nxd3 16. Qxd3 Qg5 17. Ne3 Rfe8 18. Ndf5 h5 19. Nd5 Rac8 20. Re2 Bxf5 21. exf5 c6 22. Ne3 d5 23. Rae1 Rcd8 24. a4 a6 25. f6 Bf8 26. Qf5 Qxf5 27. Nxf5 Rxe2 28. Rxe2 Kh7 29. Re5 Kg6 30. Nh4+ Kh6 31. f3 Bd6 32. Re2 Kg5 33. f4+ Kxf6 34. b4 d4 35. cxd4 Bxb4 36. Re5 Rxd4 37. Rxh5 Rd1+ 38. Kh2 Rd5 39. Rh6+ Kg7 0-1


[Site "https://www.chess.com"]

[Event "Titled Tuesday Blitz October 11 Early 2022"]
[White "Malyi, Viacheslav"]
[Black "Mohammed, Dilshad"]
[WhiteFideId "14123983"]
[BlackFideId "5050421"]
[WhiteElo "2291"]
[BlackElo "2102"]
[Result "1-0"]
[Round "02"]
[TimeControl "180+1"]
[Date "2022.10.12"]
[WhiteClock "0:00:07"]
[BlackClock "0:00:15"]

1. e4 e5 2. Nf3 Nc6 3. Bb5 a6 4. Bxc6 dxc6 5. O-O Bg4 6. h3 h5 7. d3 Qf6 8. Nbd2 g5 9. Nc4 Bxf3 10. Qxf3 Qxf3 11. gxf3 f6 12. h4 gxh4 13. f4 Bd6 14. fxe5 fxe5 15. f4 exf4 16. Bxf4 O-O-O 17. Bg5 Re8 18. Bxh4 Nh6 19. Kh1 Rhg8 20. Rg1 Ng4 21. Rgf1 Bc5 22. a4 Be7 23. Bg3 h4 24. Bh2 Nxh2 25. Kxh2 Rg3 26. Rg1 Reg8 27. Rxg3 hxg3+ 28. Kg2 Kd7 29. Ne3 Bd6 30. Rh1 c5 31. b3 Be5 32. Nf5 b5 33. Rh7+ Kd8 34. Nh6 Rg7 35. Rxg7 Bxg7 36. Nf5 Be5 37. axb5 axb5 38. Nxg3 Kd7 39. Kf3 c4 40. bxc4 bxc4 41. dxc4 Kc6 42. Nf5 Kc5 43. Ne3 Kd4 44. Nd5 Kxc4 45. Ke3 c6 46. Ne7 c5 47. Nd5 Bd4+ 48. Kf4 Bh8 49. Kf5 Kd4 50. Nb6 c4 51. Nd7 c3 52. Nb6 Ke3 53. Nd5+ Kd2 54. Nb4 Kc1 55. e5 Bxe5 56. Kxe5 Kb2 57. Kd4 Ka3 58. Kxc3 Ka4 59. Kc4 1-0


[Site "https://www.chess.com"]

[Event "Titled Tuesday Blitz October 11 Early 2022"]
[White "Manon-og, Ramon Jr."]
[Black "Kuznetsova, Olga"]
[WhiteFideId "5200776"]
[BlackFideId "4191323"]
[WhiteElo "2231"]
[BlackElo "2134"]
[Result "0-1"]
[Round "02"]
[TimeControl "180+1"]
[Date "2022.10.12"]
[WhiteClock "0:00:05"]
[BlackClock "0:00:18"]

1. e4 e5 2. Nf3 Nf6 3. Nxe5 d6 4. Nf3 Nxe4 5. d4 d5 6. Bd3 Bd6 7. O-O O-O 8. h3 Re8 9. c4 c6 10. Nc3 Nxc3 11. bxc3 dxc4 12. Bxc4 Be6 13. Bxe6 Rxe6 14. Qb3 Qb6 15. Ng5 Re7 16. Be3 Qxb3 17. axb3 Nd7 18. Nf3 a6 19. Nd2 Rae8 20. Nc4 Bc7 21. Na5 Bxa5 22. Rxa5 f6 23. Rd1 Kf7 24. d5 cxd5 25. Raxd5 Ne5 26. c4 Nc6 27. Bc5 Rc7 28. Rd7+ Rxd7 29. Rxd7+ Kg6 30. Rxb7 Re1+ 31. Kh2 Rb1 32. Bf8 Na5 33. Rxg7+ Kf5 34. b4 Nxc4 35. Rxh7 Rb2 36. Kg3 Nd2 37. Kh2 Ne4 38. f3 Nd2 39. Kg1 Nc4 40. Ra7 Ne3 41. Rxa6 Rxg2+ 42. Kh1 Rb2 43. Be7 Nd5 44. Ra5 Ke6 45. Bd8 Rf2 46. b5 Rb2 47. b6 Ne3 48. Ra6 Kf5 49. Ra7 Kf4 50. Bxf6 Rxb6 51. Bd4 Rb1+ 52. Kh2 Nf1+ 53. Kg1 Ng3+ 54. Kg2 Ne2 55. Bf2 Rb2 56. Ra4+ Kf5 57. h4 Nf4+ 58. Kg3 Ne2+ 59. Kh2 Nf4 60. Kg3 Ne2+ 61. Kg2 Nc3 62. Kf1 Nxa4 63. h5 Kg5 64. Bd4 Rb1+ 65. Kg2 Kxh5 66. Kg3 Rd1 67. Be5 Nc5 68. Bb2 Kg5 69. f4+ Kf5 70. Be5 Ne4+ 71. Kf3 Rd3+ 72. Ke2 Rb3 73. Bc7 Kg4 74. Be5 Ng3+ 75. Kd2 Nf5 76. Bc7 Nd4 77. Bd6 Kf5 78. Bc7 Ke4 0-1


[Site "https://www.chess.com"]

[Event "Titled Tuesday Blitz October 11 Early 2022"]
[White "Manukyan, Artyom"]
[Black "Zaksaite, Salomeja"]
[WhiteFideId "13305786"]
[BlackFideId "12801496"]
[WhiteElo "2078"]
[BlackElo "2094"]
[Result "0-1"]
[Round "02"]
[TimeControl "180+1"]
[Date "2022.10.12"]
[WhiteClock "0:01:57"]
[BlackClock "0:00:05"]

1. e4 c5 2. Nc3 e6 3. Nge2 Nc6 4. g3 Nf6 5. Bg2 d5 6. exd5 exd5 7. d4 Bg4 8. h3 Bh5 9. g4 Bg6 10. g5 Ne4 11. Nf4 Nxd4 12. Nxg6 hxg6 13. Nxe4 dxe4 14. O-O Be7 15. Re1 O-O 16. h4 f5 17. c3 Nc6 18. Qb3+ Kh7 19. Bf4 b6 20. Rad1 Qe8 21. Qe6 Rd8 22. Bc7 Rxd1 23. Rxd1 Bd8 24. Qd6 Bxc7 25. Qxc7 Ne5 26. Rd5 Nf3+ 27. Kf1 Qb5+ 28. c4 Qxc4+ 0-1


[Site "https://www.chess.com"]

[Event "Titled Tuesday Blitz October 11 Early 2022"]
[White "Martin Carmona, Gaston Manuel"]
[Black "De Silva, L M S T"]
[WhiteFideId "22284567"]
[BlackFideId "9953698"]
[WhiteElo "2235"]
[BlackElo "2416"]
[Result "0-1"]
[Round "02"]
[TimeControl "180+1"]
[Date "2022.10.12"]
[WhiteClock "0:00:07"]
[BlackClock "0:01:34"]

1. d4 Nf6 2. Nf3 e6 3. c4 b6 4. a3 Bb7 5. Nc3 g6 6. Qc2 Bg7 7. e4 d6 8. Be2 O-O 9. h4 Nbd7 10. Be3 e5 11. d5 Ng4 12. Bg5 f6 13. Bd2 h5 14. Nh2 f5 15. Bg5 Bf6 16. Nf3 f4 17. Bxf6 Ndxf6 18. Ng5 Bc8 19. Ne6 Bxe6 20. dxe6 Qe7 21. Nd5 Qg7 22. Bxg4 Nxg4 23. O-O-O c6 24. Nb4 Qc7 25. Qd2 a5 26. Nc2 Rad8 27. f3 Nf6 28. g4 hxg4 29. fxg4 Nxg4 30. Qg2 Nf6 31. Qxg6+ Kh8 32. Rdg1 Qe7 33. Ne1 Rg8 34. Qh6+ Nh7 35. Nf3 Qf6 36. Qh5 Qxe6 37. Ng5 Qxc4+ 38. Kb1 Rg7 39. Qh6 Rdg8 40. Nxh7 Rxg1+ 0-1


[Site "https://www.chess.com"]

[Event "Titled Tuesday Blitz October 11 Early 2022"]
[White "Mihailidis, Anastasios"]
[Black "Richter, Paul"]
[WhiteFideId "4205588"]
[BlackFideId "2046350"]
[WhiteElo "2312"]
[BlackElo "2543"]
[Result "1-0"]
[Round "02"]
[TimeControl "180+1"]
[Date "2022.10.12"]
[WhiteClock "0:00:58"]
[BlackClock "0:00:03"]

1. e4 c5 2. Nf3 d6 3. d4 cxd4 4. Nxd4 Nf6 5. f3 e5 6. Nb3 d5 7. Bg5 Be6 8. Bxf6 gxf6 9. exd5 Qxd5 10. Qxd5 Bxd5 11. Nc3 Bc6 12. O-O-O Bb4 13. Nb5 Na6 14. a3 Be7 15. Na5 O-O 16. Nxc6 bxc6 17. Nd6 Nc5 18. Nf5 Rfe8 19. Bc4 Bf8 20. Nd6 Red8 21. Nxf7 Rxd1+ 22. Rxd1 Kg7 23. Nd6 h5 24. b4 Na4 25. Ne4 a5 26. Rd7+ Kg6 27. Ng3 axb4 28. Bd3+ f5 29. Bxf5+ Kf6 30. axb4 Bxb4 31. Be4 Nc5 32. Rd6+ Ke7 33. Nf5+ Kf8 34. Rf6+ Kg8 35. Bxc6 1-0


[Site "https://www.chess.com"]

[Event "Titled Tuesday Blitz October 11 Early 2022"]
[White "Mikhailovsky, Vladimir"]
[Black "Osinenko, Anton"]
[WhiteFideId "34105414"]
[BlackFideId "4158970"]
[WhiteElo "2297"]
[BlackElo "2294"]
[Result "1/2-1/2"]
[Round "02"]
[TimeControl "180+1"]
[Date "2022.10.12"]
[WhiteClock "0:00:04"]
[BlackClock "0:00:16"]

1. e4 Nc6 2. d4 d5 3. Nc3 e6 4. e5 Nge7 5. f4 h5 6. Nf3 Nf5 7. Bb5 Bd7 8. Ne2 a6 9. Bd3 g6 10. c3 Bh6 11. g3 Qe7 12. b4 a5 13. b5 Na7 14. a4 c5 15. bxc6 Bxc6 16. Kf2 Qd7 17. h3 Ne7 18. g4 Bg7 19. Bc2 Nec8 20. Ba3 Nb6 21. Bc5 Nc4 22. Qb1 Bf8 23. Bxf8 Kxf8 24. gxh5 Rxh5 25. Ng3 Rh6 26. h4 b5 27. h5 gxh5 28. Nxh5 Rxh5 29. Rxh5 Ke7 30. Qg1 Kd8 31. Rh8+ Kc7 32. Rxa8 Bxa8 33. Qg8 bxa4 34. Ng5 Bc6 35. Qxf7 Qxf7 36. Nxf7 Nb5 37. Bxa4 Nxc3 38. Bxc6 Kxc6 39. Nd6 Ne4+ 40. Nxe4 dxe4 41. Ke2 Kd5 42. Rb1 a4 43. Rb5+ Kxd4 44. f5 a3 45. Rb8 Kxe5 46. fxe6 Kxe6 47. Ra8 Kd5 48. Kd1 e3 49. Ke2 Kd4 50. Ra4 Kc3 51. Rxa3+ Nxa3 52. Kxe3 1/2-1/2


[Site "https://www.chess.com"]

[Event "Titled Tuesday Blitz October 11 Early 2022"]
[White "Mills, Morgen"]
[Black "Ronka, Erik"]
[WhiteFideId "2013304"]
[BlackFideId "505080"]
[WhiteElo "2192"]
[BlackElo "2264"]
[Result "0-1"]
[Round "02"]
[TimeControl "180+1"]
[Date "2022.10.12"]
[WhiteClock "0:00:03"]
[BlackClock "0:00:16"]

1. e4 c6 2. d4 d5 3. exd5 cxd5 4. Bd3 Nf6 5. Nf3 Bg4 6. h3 Bh5 7. Nbd2 Nc6 8. c3 e6 9. Nf1 Bd6 10. Ng3 Bg6 11. O-O Qc7 12. Ne2 Bxd3 13. Qxd3 O-O 14. Bg5 Ne4 15. Bh4 Rab8 16. Ng5 Nxg5 17. Bxg5 b5 18. a3 a5 19. f4 f5 20. Qg3 b4 21. axb4 axb4 22. Nc1 bxc3 23. bxc3 Na5 24. Bh6 Nc4 25. Nd3 Nd2 26. Rfc1 Ne4 27. Qxg7+ Qxg7 28. Bxg7 Kxg7 29. c4 dxc4 30. Rxc4 Rfc8 31. Rac1 Rxc4 32. Rxc4 Rb1+ 33. Kh2 Rd1 34. Ne5 Bxe5 35. dxe5 h5 36. h4 Nf2 37. Rc6 Ng4+ 38. Kh3 Rd3+ 39. g3 Kf7 40. Rc7+ Ke8 41. Rc2 Kd7 42. Rd2 Rd5 43. Ra2 Rc5 44. Ra7+ Kc6 45. Ra6+ Kd5 46. Rd6+ Ke4 47. Rxe6 Rc2 48. Rc6 Rh2# 0-1


[Site "https://www.chess.com"]

[Event "Titled Tuesday Blitz October 11 Early 2022"]
[White "Mitrabha, Guha"]
[Black "Asavasaetakul, Chawit"]
[WhiteFideId "5057000"]
[BlackFideId "6204856"]
[WhiteElo "2526"]
[BlackElo "1919"]
[Result "1-0"]
[Round "02"]
[TimeControl "180+1"]
[Date "2022.10.11"]
[WhiteClock "0:00:35"]
[BlackClock "0:00:06"]

1. d4 d5 2. Nf3 c6 3. c4 Nf6 4. e3 Bf5 5. Bd3 Bxd3 6. Qxd3 e6 7. O-O Nbd7 8. Nc3 Be7 9. b3 O-O 10. Bb2 Re8 11. Rad1 Qa5 12. Rfe1 Rad8 13. Qb1 Bb4 14. Rc1 Ne4 15. Qc2 Nxc3 16. Bxc3 Bxc3 17. Qxc3 Qxc3 18. Rxc3 Nf6 19. Rc2 Ne4 20. Rb1 f6 21. b4 Nd6 22. c5 Nc4 23. Rb3 a6 24. Nd2 Nxd2 25. Rxd2 e5 26. Kf1 exd4 27. Rxd4 Kf7 28. Ke2 Re4 29. a4 Rde8 30. Rbd3 Rxd4 31. Rxd4 Re4 32. Kd3 Rxd4+ 33. Kxd4 Ke6 34. e4 dxe4 35. Kxe4 f5+ 36. Kd4 g5 37. f3 h6 38. g3 Kf6 39. f4 Ke6 40. h4 gxh4 41. gxh4 h5 42. Kc4 Kf6 43. b5 axb5+ 44. axb5 Ke6 45. bxc6 bxc6 46. Kd4 Kf6 47. Kd3 Ke6 48. Kc4 Kf6 49. Kb4 Ke6 50. Ka5 Kd5 51. Kb6 Ke4 52. Kxc6 Kxf4 53. Kd5 Kg3 54. c6 f4 55. c7 f3 56. c8=Q f2 57. Qg8+ Kh2 58. Qf7 Kg1 59. Qg6+ Kh1 60. Qf5 Kg1 61. Qg5+ Kh1 62. Qf4 Kg1 63. Qg3+ Kh1 64. Qf3+ Kg1 65. Qxh5 f1=Q 66. Qg4+ Kh2 67. h5 Qf7+ 68. Ke5 Qe7+ 69. Qe6 Qc5+ 70. Qd5 Qe7+ 71. Kf5 Qh7+ 72. Kg4 Qg7+ 73. Qg5 Qd7+ 74. Qf5 Qg7+ 75. Kf3 Qc3+ 76. Ke4 Qc2+ 77. Kf4 Qc4+ 78. Qe4 Qf7+ 79. Kg5 Qg7+ 80. Qg6 Qe5+ 81. Kh6 Qe3+ 82. Kg7 Qe7+ 83. Qf7 Qg5+ 84. Kh7 Qe5 85. h6 Qe4+ 86. Kg7 Qe5+ 87. Kg6 Qe4+ 88. Qf5 Qc6+ 89. Kg5 Qg2+ 90. Kh5 Qe2+ 91. Kh4 Qe1+ 92. Kg5 Qe7+ 93. Qf6 Qc5+ 94. Kg6 Qc2+ 95. Qf5 Qc6+ 96. Kg7 Qc7+ 97. Qf7 Qc3+ 98. Qf6 Qc7+ 99. Kf8 Qc8+ 100. Kf7 Qd7+ 101. Qe7 Qd5+ 102. Kg6 Qd3+ 103. Kf6 Qd4+ 104. Qe5+ Qxe5+ 105. Kxe5 Kg3 106. h7 1-0


[Site "https://www.chess.com"]

[Event "Titled Tuesday Blitz October 11 Early 2022"]
[White "Molina, Roberto Junio Brito"]
[Black "Aldokhin, Ivan"]
[WhiteFideId "2109450"]
[BlackFideId "24115720"]
[WhiteElo "2388"]
[BlackElo "2313"]
[Result "1-0"]
[Round "02"]
[TimeControl "180+1"]
[Date "2022.10.12"]
[WhiteClock "0:00:11"]
[BlackClock "0:00:05"]

1. d4 Nf6 2. Nf3 g6 3. e3 Bg7 4. Be2 b6 5. O-O Bb7 6. c4 O-O 7. b3 d6 8. Bb2 Nbd7 9. d5 c6 10. dxc6 Bxc6 11. Nc3 Rc8 12. Rc1 Bb7 13. Nd4 Nc5 14. Qc2 a6 15. Rfd1 Qc7 16. Qd2 Qb8 17. f3 Rfd8 18. b4 Ncd7 19. e4 e6 20. Kh1 h5 21. Nb3 Ne5 22. Na4 Ba8 23. Bd4 Nfd7 24. a3 Kh7 25. Be3 Bf8 26. Nb2 Be7 27. Rc3 Nf6 28. Rdc1 h4 29. h3 Nh5 30. Kg1 Ng3 31. Nd3 f5 32. exf5 gxf5 33. Nf4 Rg8 34. Kf2 Nxe2 35. Qxe2 Rg3 36. Nd2 Rcg8 37. Rg1 Qf8 38. Nxe6 Qf6 39. Nd4 Bf8 40. Rcc1 Bh6 41. Bxh6 Qxh6 42. Rce1 Qf4 43. Qe3 Rxg2+ 44. Rxg2 Rxg2+ 45. Kxg2 Qg3+ 46. Kf1 f4 47. Qf2 Qxh3+ 48. Qg2 Qc8 49. Qg5 Ng6 50. Ne6 Qg8 51. Qh5# 1-0


[Site "https://www.chess.com"]

[Event "Titled Tuesday Blitz October 11 Early 2022"]
[White "Moreno Perez, Tobias Sebastian"]
[Black "Zaloznyy, Mike"]
[WhiteFideId "186716"]
[BlackFideId "2023075"]
[WhiteElo "2476"]
[BlackElo "2126"]
[Result "1-0"]
[Round "02"]
[TimeControl "180+1"]
[Date "2022.10.12"]
[WhiteClock "0:00:05"]
[BlackClock "0:00:21"]

1. Nf3 Nf6 2. c4 b6 3. g3 Bb7 4. Bg2 e6 5. O-O Be7 6. d4 O-O 7. Nc3 Ne4 8. Qc2 Nxc3 9. Qxc3 Be4 10. Qe3 f5 11. d5 Na6 12. Rd1 Qc8 13. Nd4 Bxg2 14. Kxg2 Nc5 15. dxe6 dxe6 16. Nc6 Qb7 17. Qf3 Bf6 18. Be3 Ne4 19. Nd4 Rfe8 20. Rac1 Rad8 21. Kg1 c5 22. Nb5 Bxb2 23. Rb1 Bf6 24. Qf4 g5 25. Qc7 Qxc7 26. Nxc7 Nc3 27. Nxe8 Rxe8 28. Kf1 Nxb1 29. Rxb1 Rd8 30. Ke1 Kf7 31. a4 Bd4 32. Bxg5 Rd6 33. Rb3 Bf6 34. Be3 Bd4 35. Bxd4 Rxd4 36. Rc3 Rd6 37. e3 Ke7 38. Ke2 Kd7 39. h3 Kc6 40. g4 Rd7 41. gxf5 exf5 42. Kf3 Re7 43. Kf4 Rf7 44. Ke5 a6 45. Rd3 Rg7 46. Rd6+ Kc7 47. Rf6 Rg2 48. Rxf5 Rh2 49. Rf3 Kc6 50. Kf4 b5 51. axb5+ axb5 52. Kg3 Rh1 53. Rf6+ Kc7 54. cxb5 Rb1 55. Rc6+ Kb7 56. Rxc5 Kb6 57. Rh5 Ka5 58. Rxh7 Rxb5 59. h4 Kb4 60. Rg7 Rc5 61. Rg5 Rc2 62. h5 Rd2 63. Rg4+ Kc5 64. h6 Rd1 65. h7 Rd8 66. Rg8 Rd5 67. h8=Q Kc4 68. Rc8+ Kd3 69. Qc3+ Ke2 70. Qc2+ Ke1 71. Rb8 Rg5+ 72. Kf4 Kf1 73. Rb1+ Kg2 74. Kxg5 Kh3 75. Rh1+ Kg2 76. Qe4+ Kxf2 77. Rh2+ Kg1 78. Qh1# 1-0


[Site "https://www.chess.com"]

[Event "Titled Tuesday Blitz October 11 Early 2022"]
[White "Munkhgal, Gombosuren"]
[Black "Luxama, Jacques Muller"]
[WhiteFideId "4901266"]
[BlackFideId "11900113"]
[WhiteElo "2576"]
[BlackElo "1931"]
[Result "1-0"]
[Round "02"]
[TimeControl "180+1"]
[Date "2022.10.12"]
[WhiteClock "0:02:20"]
[BlackClock "0:00:59"]

1. d4 Nf6 2. c4 g6 3. Nc3 Bg7 4. g3 O-O 5. Bg2 d6 6. Nf3 c6 7. O-O Bf5 8. Ng5 h6 9. e4 Bc8 10. Nh3 Nbd7 11. f4 e5 12. Be3 Re8 13. Nf2 Qe7 14. Qd2 exd4 15. Bxd4 Nc5 16. e5 dxe5 17. Bxe5 Be6 18. b4 Na6 19. b5 Nc5 20. bxc6 Red8 21. cxb7 Nxb7 22. Qe2 Rac8 23. Nd5 Bxd5 24. cxd5 Nxd5 25. Rfe1 Bxe5 26. Qxe5 Qxe5 27. Rxe5 Rc5 28. Rd1 Nf6 29. Rxd8+ Nxd8 30. Rxc5 Ne6 31. Ra5 1-0


[Site "https://www.chess.com"]

[Event "Titled Tuesday Blitz October 11 Early 2022"]
[White "Nakamura, Hikaru"]
[Black "Siddharth, Jagadeesh"]
[WhiteFideId "2016192"]
[BlackFideId "5818320"]
[WhiteElo "2909"]
[BlackElo "2315"]
[Result "1-0"]
[Round "02"]
[TimeControl "180+1"]
[Date "2022.10.11"]
[WhiteClock "0:01:50"]
[BlackClock "0:00:20"]

1. Nf3 d5 2. g3 Nf6 3. Bg2 e6 4. O-O Be7 5. d3 O-O 6. Nbd2 Nc6 7. e4 dxe4 8. dxe4 e5 9. b3 Bc5 10. Bb2 Qe7 11. a3 a5 12. c3 h6 13. b4 axb4 14. cxb4 Bb6 15. Nc4 Rd8 16. Qb1 Bd4 17. b5 Bxb2 18. Qxb2 Nd4 19. Ncxe5 Nxf3+ 20. Bxf3 Re8 21. Nd3 Nxe4 22. Bxe4 Qxe4 23. Rfe1 Qxd3 24. Rxe8+ Kh7 25. Qb1 Qxb1+ 26. Rxb1 c6 27. b6 1-0


[Site "https://www.chess.com"]

[Event "Titled Tuesday Blitz October 11 Early 2022"]
[White "Omariev, Maksim"]
[Black "Fernandez Hernandez, Gerardo"]
[WhiteFideId "4193423"]
[BlackFideId "2207400"]
[WhiteElo "2442"]
[BlackElo "2145"]
[Result "1-0"]
[Round "02"]
[TimeControl "180+1"]
[Date "2022.10.12"]
[WhiteClock "0:00:06"]
[BlackClock "0:00:02"]

1. g4 d6 2. Bg2 c6 3. g5 e5 4. d4 Be7 5. h4 h6 6. dxe5 dxe5 7. Qxd8+ Bxd8 8. Nf3 hxg5 9. hxg5 Rxh1+ 10. Bxh1 f6 11. Nc3 Bf5 12. gxf6 gxf6 13. e4 Be6 14. Be3 Bb6 15. Bxb6 axb6 16. b3 Na6 17. O-O-O Ne7 18. Rd6 Kf7 19. a4 Rh8 20. Rd1 Ng6 21. Ne2 Bg4 22. Bg2 Nc5 23. Nfg1 Rh2 24. f3 Rxg2 25. fxg4 Rxg4 26. Nc3 Nxe4 27. Nxe4 Rxe4 28. Nf3 Ke7 29. Nd2 Rd4 30. Rg1 Nf4 31. Nc4 Ne6 32. Nxb6 e4 33. Nc4 f5 34. a5 f4 35. c3 Rd3 36. Kc2 Rd8 37. Re1 e3 38. Ne5 Rd2+ 39. Kc1 Kd6 40. Nc4+ Kc5 41. Nxd2 exd2+ 42. Kxd2 Nc7 43. b4+ Kb5 44. Rf1 Nd5 45. Kd3 1-0


[Site "https://www.chess.com"]

[Event "Titled Tuesday Blitz October 11 Early 2022"]
[White "Onslow, Alfie"]
[Black "Zou, Chen"]
[WhiteFideId "436976"]
[BlackFideId "8610959"]
[WhiteElo "2015"]
[BlackElo "2325"]
[Result "0-1"]
[Round "02"]
[TimeControl "180+1"]
[Date "2022.10.12"]
[WhiteClock "0:00:02"]
[BlackClock "0:00:07"]

1. Nf3 Nf6 2. g3 g6 3. Bg2 Bg7 4. O-O O-O 5. d3 d5 6. Nbd2 Nc6 7. e4 dxe4 8. dxe4 e5 9. Qe2 Qe7 10. c3 a5 11. Rd1 Rd8 12. a4 h6 13. b3 b6 14. Ba3 Qe6 15. Nf1 Ba6 16. Qc2 Rxd1 17. Rxd1 Rd8 18. Rxd8+ Nxd8 19. Ne3 Nb7 20. Nd2 Nd6 21. Nd5 Nxd5 22. exd5 Qd7 23. c4 Nb7 24. c5 bxc5 25. Ne4 Qf5 26. Bxc5 Nxc5 27. Qxc5 Bd3 28. Nc3 e4 29. Nb5 Bxb5 30. axb5 Qe5 31. h4 Bf8 32. Qc4 e3 33. fxe3 Qxg3 34. Qf4 Qe1+ 35. Bf1 Bd6 36. Qf2 Qb4 37. Bc4 a4 38. Qa2 a3 39. Qe2 Qc3 40. Kf2 Qa1 41. Kf3 Qb1 42. Qd3 a2 43. Qe4 Qxe4+ 44. Kxe4 a1=Q 0-1


[Site "https://www.chess.com"]

[Event "Titled Tuesday Blitz October 11 Early 2022"]
[White "Orlov, Georgi"]
[Black "Rustemov, Alexander"]
[WhiteFideId "2011271"]
[BlackFideId "4119002"]
[WhiteElo "2579"]
[BlackElo "2813"]
[Result "0-1"]
[Round "02"]
[TimeControl "180+1"]
[Date "2022.10.12"]
[WhiteClock "0:00:05"]
[BlackClock "0:00:09"]

1. d4 d5 2. Nf3 Nf6 3. c4 c6 4. Nc3 a6 5. cxd5 cxd5 6. Bf4 Nc6 7. a3 Bg4 8. Ne5 e6 9. f3 Bf5 10. g4 Bg6 11. h4 h5 12. Nxg6 fxg6 13. g5 Nd7 14. Bh3 Qe7 15. Qd3 Qf7 16. e3 Be7 17. O-O O-O 18. Rad1 Rad8 19. Bg3 Nb6 20. Ne2 Nc4 21. Rb1 Bd6 22. Bxd6 Nxd6 23. Nf4 Nf5 24. Bxf5 gxf5 25. Rbd1 Ne7 26. Rc1 Rc8 27. b4 Ng6 28. Nxg6 Qxg6 29. Rc5 b6 30. Rcc1 Kh7 31. f4 b5 32. Rc5 Rxc5 33. dxc5 Qe8 34. Qd4 Qc6 35. Qe5 Ra8 36. Rf2 a5 37. g6+ Kg8 38. Rc2 axb4 39. axb4 Kf8 40. Qd6+ Qxd6 41. cxd6 Rd8 42. Rc7 Rxd6 43. Rf7+ Kg8 44. Rb7 Kf8 45. Rf7+ Ke8 46. Rxg7 d4 47. exd4 Rxd4 48. Rb7 Kf8 49. Rh7 Rxf4 50. Rxh5 Kg7 51. Kh1 Kxg6 52. Rh8 Rxb4 0-1


[Site "https://www.chess.com"]

[Event "Titled Tuesday Blitz October 11 Early 2022"]
[White "Osiecki, Stanislaw"]
[Black "Bilan, Danila"]
[WhiteFideId "1102990"]
[BlackFideId "24161918"]
[WhiteElo "2088"]
[BlackElo "2203"]
[Result "0-1"]
[Round "02"]
[TimeControl "180+1"]
[Date "2022.10.12"]
[WhiteClock "0:00:04"]
[BlackClock "0:00:05"]

1. e4 c6 2. d4 d5 3. e5 c5 4. c3 Nc6 5. h3 cxd4 6. cxd4 Qb6 7. Nf3 Bf5 8. Bd3 Bxd3 9. Qxd3 e6 10. Nc3 Bb4 11. O-O Nge7 12. a3 Bxc3 13. bxc3 Na5 14. Bg5 Nec6 15. Rfb1 Qc7 16. h4 Nc4 17. h5 h6 18. Bc1 O-O 19. Nh4 f5 20. Ng6 Rfe8 21. Qg3 Kh7 22. Nf4 Qd7 23. Qg6+ Kh8 24. Qg3 b6 25. Ng6+ Kh7 26. Nf4 Rac8 27. Kh2 Ne7 28. a4 Na5 29. Ba3 Rc6 30. Bb4 Nc4 31. Bxe7 Qxe7 32. Qg6+ Kh8 33. g4 Qh4+ 34. Kg2 Qxg4+ 35. Qxg4 fxg4 36. Kg3 Nd2 37. Rc1 Ne4+ 38. Kxg4 Nxf2+ 39. Kg3 Ne4+ 40. Kg4 Nd2 41. Ra3 Rf8 42. a5 Rfc8 43. axb6 axb6 44. Ne2 Ne4 45. Kh4 Rf8 46. Ra6 Rc7 47. Rxb6 Ng5 48. Ng3 Rcf7 49. Rcb1 Rf4# 0-1


[Site "https://www.chess.com"]

[Event "Titled Tuesday Blitz October 11 Early 2022"]
[White "Ovchinnikov, Vsevolod"]
[Black "Leiva, Gianmarco"]
[WhiteFideId "24176842"]
[BlackFideId "3804399"]
[WhiteElo "2376"]
[BlackElo "2285"]
[Result "1-0"]
[Round "02"]
[TimeControl "180+1"]
[Date "2022.10.12"]
[WhiteClock "0:00:42"]
[BlackClock "0:00:04"]

1. d4 Nf6 2. c4 e6 3. g3 d5 4. Nf3 dxc4 5. Bg2 Nc6 6. Qa4 Bb4+ 7. Bd2 Nd5 8. Bxb4 Nxb4 9. O-O a6 10. Ne5 b5 11. Nxc6 Nxc6 12. Bxc6+ Bd7 13. Bxd7+ Qxd7 14. Qa3 Qxd4 15. Nc3 Qb6 16. Ne4 O-O-O 17. Rad1 Rd5 18. Rxd5 exd5 19. Nc5 Re8 20. e3 a5 21. b4 axb4 22. Qa8+ Qb8 23. Qa6+ Kd8 24. Qc6 Ke7 25. Qxd5 1-0


[Site "https://www.chess.com"]

[Event "Titled Tuesday Blitz October 11 Early 2022"]
[White "Ovezdurdyyeva, Jemal"]
[Black "Djokic, Mihailo"]
[WhiteFideId "14001888"]
[BlackFideId "976440"]
[WhiteElo "1961"]
[BlackElo "2315"]
[Result "0-1"]
[Round "02"]
[TimeControl "180+1"]
[Date "2022.10.12"]
[WhiteClock "0:00:20"]
[BlackClock "0:01:05"]

1. e4 c5 2. Nf3 d6 3. d4 cxd4 4. Nxd4 Nf6 5. Nc3 g6 6. Be2 Nc6 7. Be3 Bg7 8. O-O O-O 9. Qd2 Ng4 10. Nxc6 bxc6 11. Bg5 h6 12. Bf4 Kh7 13. h3 Ne5 14. Bg3 Be6 15. b3 Qa5 16. Rad1 Nc4 17. Bxc4 Bxc4 18. bxc4 Bxc3 19. Qd3 Bg7 20. a3 Rab8 21. f4 Rb2 22. f5 Kg8 23. e5 Bxe5 24. fxg6 f6 25. Qf5 Qb6+ 26. Bf2 Qc7 27. Be3 Kg7 28. Qh5 Rh8 29. Rd2 Qb7 30. Qg4 Qc8 31. Qe4 h5 32. Bxa7 Qe6 33. Be3 Bh2+ 0-1


[Site "https://www.chess.com"]

[Event "Titled Tuesday Blitz October 11 Early 2022"]
[White "Ozen, Bahadir"]
[Black "Titichoca Daza, Daniel"]
[WhiteFideId "6337058"]
[BlackFideId "3309550"]
[WhiteElo "2503"]
[BlackElo "2105"]
[Result "1/2-1/2"]
[Round "02"]
[TimeControl "180+1"]
[Date "2022.10.12"]
[WhiteClock "0:00:20"]
[BlackClock "0:00:21"]

1. g3 d5 2. Bg2 Nf6 3. Nf3 e6 4. O-O Be7 5. d4 O-O 6. c4 dxc4 7. Qc2 Bd7 8. Ne5 Nc6 9. Qxc4 Nxe5 10. dxe5 Nd5 11. Rd1 c5 12. Nc3 Nxc3 13. Qxc3 Qc7 14. Be3 Bc6 15. Bxc5 Bxg2 16. Bxe7 Qxc3 17. bxc3 Rfe8 18. Kxg2 Rxe7 19. Rd3 h6 20. Rad1 Rc7 21. f4 Rac8 22. Rd8+ Rxd8 23. Rxd8+ Kh7 24. Rd3 g5 25. Kf3 Kg6 26. e4 b5 27. Ke3 gxf4+ 28. gxf4 Rc4 29. Kf3 a5 30. Ke3 Ra4 31. Rd2 f5 32. exf6 Kxf6 33. Rd6 Rxa2 34. f5 Rxh2 35. Rxe6+ Kf7 36. Ra6 b4 37. cxb4 axb4 38. e5 b3 39. Ra7+ Kg8 40. Rb7 b2 41. f6 Rc2 42. Kf4 Rf2+ 43. Ke4 h5 44. Ke3 Rf5 45. Kd4 Rf2 46. Ke3 Rf5 47. Ke4 Rf2 48. Ke3 1/2-1/2


[Site "https://www.chess.com"]